 Dungeon Crawl Stone Soup version 0.30-a0-292-g0f741e3f8e (webtiles) character file.

Game seed: 645445130977398046

130 themarg the Trooper (level 5, -1/50 HPs)
             Began as a Hill Orc Monk on Oct 18, 2022.
             Killed from afar by a white imp (10 damage)
             ... with a puff of frost
             ... summoned by Natasha
             ... on level 2 of the Dungeon.
             The game lasted 00:04:35 (1359 turns).

themarg the Trooper (Hill Orc Monk)                 Turns: 1359, Time: 00:04:35

Health: -1/50      AC:  6    Str: 16    XL:     5   Next: 13%
Magic:  5/5        EV: 10    Int: 10    God:
Gold:   125        SH:  0    Dex: 13    Spells: 4/4 levels left

rFire   . . .      SeeInvis .    a - +0 hand axe
rCold   . . .      Faith    .    (no shield)
rNeg    . . .      Spirit   .    e - +0 scale mail
rPois   .          Reflect  .    (no helmet)
rElec   .          Harm     .    (no cloak)
rCorr   .          Rampage  .    (no gloves)
Will    .....                    (no boots)
Stlth   +.........               (no amulet)
HPRegen 0.28/turn                (no ring)
MPRegen 0.09/turn                (no ring)

@: slowed, very slow
A: no striking features
a: no special abilities


You were on level 2 of the Dungeon.
You visited 1 branch of the dungeon, and saw 2 of its levels.

You collected 125 gold pieces.

Inventory:

Hand Weapons
 a - a +0 hand axe (weapon)
Missiles
 f - 21 stones (quivered)
 h - 2 boomerangs
Armour
 b - a +0 robe
 e - a +0 scale mail (worn)
 l - a +0 pair of gloves
Scrolls
 j - a scroll of noise {unknown}
 m - a scroll of amnesia {unknown}
 n - 2 scrolls of enchant armour {unknown}
 o - 2 scrolls of identify {unknown}
 p - a scroll of teleportation {unknown}
Potions
 d - a potion of cancellation {unknown}
 g - a potion of attraction {unknown}
 i - a potion of degeneration {unknown}
 k - a potion of curing {unknown}
 q - a potion of heal wounds {unknown}


   Skills:
 * Level 6.0 Fighting
 - Level 4.0 Axes
 - Level 2.4 Dodging
 + Level 2.9 Stealth


You had 4 spell levels left.
You didn't know any spells.
Your spell library was empty.

Dungeon Overview and Level Annotations

Branches:
Dungeon (2/15)

Altars:

Annotations:
D:2 Natasha


Message History

Natasha claws you.
* * * LOW HITPOINT WARNING * * *
The white imp gestures at you. The puff of frost hits you!
* * * LOW HITPOINT WARNING * * *
Natasha casts a spell.
There are no items here.
You barely miss Natasha. You hit the white imp but do no damage.
Natasha stares at you and mumbles some strange words.
You feel yourself slow down. The white imp completely misses you.
The white imp shouts, "Leave, thou gorbellied onion-eyed wastrel!"
You're too confused to move!
The white imp disappears in a puff of smoke!
Natasha claws you but does no damage.
Natasha howls an incantation.
Natasha shimmers violently.
Natasha barely misses you.
You bump into the rock wall.
You feel less invigorated.
You feel less confused. The white imp gestures at you.
The puff of frost hits you! Natasha casts a spell at you.
The magic dart hits you.
* * * LOW HITPOINT WARNING * * *
The white imp gestures at you. The puff of frost misses you.
You closely miss Natasha. You hit the white imp. Natasha claws you.
* * * LOW HITPOINT WARNING * * *
The white imp hits you but does no damage.
Natasha stares at you and mumbles some strange words.
The magic dart hits you.
* * * LOW HITPOINT WARNING * * *
You hit Natasha but do no damage. You hit the white imp but do no damage.
The white imp hits you but does no damage.
Natasha claws you.
* * * LOW HITPOINT WARNING * * *
The white imp gestures at you. The puff of frost hits you!
You die...

#####.......###.......# .# #
#.....>.......##.#.## #
#.#.....#.######....##.#
#.#.....#.# #.......#
#.#..#..#.# ##...####
#.#.......## #...#####
###..........# #...#...#
....##.#.....######..†.###.
....##.#.#......@...........
...............5h...........
....####...........÷.........
....# #.##.##.###......##.#.
#.. ....# #.##.##.#
#).......## #.. #####
#....##.# #......### #..
#.#####.###......# #..
#.#####..........# ##..
########.......###......# ...


You could see Natasha (resistant) and a white imp (summoned).

Vanquished Creatures
  Jessica (D:2)
  Natasha (twice) (D:2)
  A worm (D:2)
  3 dart slugs (D:1)
  6 endoplasms
  9 hobgoblins
  5 kobolds
  2 quokkas
  4 ball pythons
  2 frilled lizards (D:1)
  5 goblins
  2 rats (D:1)
42 creatures vanquished.

Notes
Turn   | Place    | Note
-------+----------+-------------------------------------------
     0 | D:1      | themarg the Hill Orc Monk began the quest for the Orb.
     0 | D:1      | Reached XP level 1. HP: 19/19 MP: 1/1
    84 | D:1      | Reached skill level 4 in Fighting
   103 | D:1      | Reached XP level 2. HP: 24/27 MP: 2/2
   284 | D:1      | Found a faded altar of an unknown god.
   339 | D:1      | Reached XP level 3. HP: 34/34 MP: 3/3
   939 | D:2      | Noticed Natasha
   949 | D:2      | Killed Natasha
   950 | D:2      | Reached skill level 5 in Fighting
   950 | D:2      | Reached XP level 4. HP: 41/42 MP: 4/4
  1014 | D:2      | Noticed Jessica
  1024 | D:2      | Killed Jessica
  1264 | D:2      | Noticed Natasha
  1302 | D:2      | Killed Natasha
  1303 | D:2      | Reached skill level 6 in Fighting
  1303 | D:2      | Reached XP level 5. HP: 33/50 MP: 5/5
  1338 | D:2      | Noticed Natasha
  1353 | D:2      | HP: 2/50 [white imp/puff of frost[Natasha] (12)]
  1359 | D:2      | Killed from afar by a white imp

Illustrated notes

Levels and vault maps discovered:
D:1:      amcnicky_arrival_blooded_trapdoor, layout_basic,
          shapermc_ecumenical_altar_totnotflames, minmay_indecisive_spiral
D:2:      layout_loops_cross, uniq_natasha, uniq_jessica

Skill      XL: |  1  2  3  4 |
---------------+-------------+-----
Fighting       | 4 5 6 |  6.0
Stealth        | 2 |  2.9
Axes           | |  4.0
Dodging        | |  2.4

Action                   |  1- 3 |  4- 6 || total
-------------------------+-------+-------++-------
Melee: Hand axe          |    97 |    60 ||   157
       Punch             |     1 |       ||     1
  Use: Potion            |       |     1 ||     1
 Stab: Sleeping          |     1 |       ||     1
Armor: Robe              |     3 |       ||     3
       Scale mail        |    24 |    21 ||    45
Dodge: Dodged            |    36 |    31 ||    67

Table legend: (Time is in decaauts)
 A = Elapsed time spent in this place.
 B = Non-inter-level travel time spent in this place.
 C = Inter-level travel time spent in this place.
 D = Time resting spent in this place.
 E = Time spent auto-exploring this place.
 F = Levels seen in this place.
 G = Mean time per level.
                   A        B        C        D        E       F      G
               +--------+--------+--------+--------+--------+-----+--------+
         Total |   1393 |   1342 |     51 |     32 |    959 |   2 |  696.5 |
       Dungeon |   1393 |   1342 |     51 |     32 |    959 |   2 |  696.5 |
               +--------+--------+--------+--------+--------+-----+--------+

Top non-repeatable levels by time:
     D:1: 879 daAuts
     D:2: 514 daAuts
